 Dungeon Crawl Stone Soup version 0.27.1-1-g398f81649c (webtiles) character file.

Game seed: 17367081253262620115

136 Crownlay the Skirmisher (level 4, 0/45 HPs)
             Began as a Minotaur Monk on Sept 21, 2021.
             Was a Believer of Cheibriados.
             Slain by a gnoll shaman (5 damage)
             ... on level 3 of the Dungeon.
             The game lasted 00:03:30 (2907 turns).

Crownlay the Skirmisher (Minotaur Monk)             Turns: 2907, Time: 00:03:31

Health: 0/45       AC:  7    Str: 20    XL:     4   Next: 98%
Magic:  3/3        EV: 11    Int: 12    God:    Cheibriados [**....]
Gold:   110        SH:  0    Dex: 19    Spells: 3/3 levels left

rFire    . . .     SeeInvis .   a - +0 falchion
rCold    . . .     Faith    .   (no shield)
rNeg     . . .     Spirit   .   m - +0 scale mail
rPois    .         Reflect  .   (helmet restricted)
rElec    .         Harm     .   h - +0 cloak
rCorr    .         Rampage  .   (no gloves)
Will     .....                  (no boots)
Stlth    +.........             (no amulet)
HPRegen  0.15/turn              (no ring)
MPRegen  0.08/turn              (no ring)

@: very slow
A: horns 2, retaliatory headbutt
a: Renounce Religion, Bend Time


You were on level 3 of the Dungeon.
You worshipped Cheibriados.
Cheibriados was pleased with you.
You visited 1 branch of the dungeon, and saw 3 of its levels.

You collected 110 gold pieces.

Inventory:

Hand Weapons
 a - a +0 falchion (weapon)
Missiles
 i - 3 throwing nets (quivered)
 l - 8 curare-tipped darts
Armour
 h - a +0 cloak (worn)
 m - a +0 scale mail (worn)
Jewellery
 d - a +6 ring of intelligence
Scrolls
 b - a scroll of teleportation {unknown}
 e - 2 scrolls of identify {unknown}
 g - a scroll of enchant armour {unknown}
 j - 3 scrolls of fog {unknown}
Potions
 c - a potion of lignification {unknown}
 f - a potion of invisibility {unknown}
 k - a potion of flight {unknown}


   Skills:
 * Level 6.9 Fighting
 - Level 3.6 Long Blades
 - Level 3.2 Dodging
 - Level 1.5 Stealth


You had 3 spell levels left.
You didn't know any spells.
Your spell library contained the following spells:

 Spells                   Type           Power      Damage    Failure   Level
 Searing Ray              Conj           0%         3d3       83%         2
 Iskenderun's Mystic Bla  Conj/Tloc      0%         2d3       100%        4
 Infestation              Necr           0%         N/A       100%        8


Dungeon Overview and Level Annotations

Branches:
Dungeon (3/15)

Altars:
Cheibriados


Innate Abilities, Weirdness & Mutations

You have a pair of horns on your head.
You reflexively headbutt those who attack you in melee.


Message History

The orc closely misses you. The gnoll closely misses you.
You hit the gnoll but do no damage.
You headbutt the gnoll, but do no damage.
The gnoll hits you but does no damage. The orc hits you with a +0 flail.
The gnoll misses you. The gnoll completely misses you.
You riposte.
You hit the gnoll.
The gnoll is moderately wounded.
The orc hits you but does no damage.
You slash the gnoll! Your headbutt misses the gnoll.
The gnoll is almost dead.
The gnoll hits you from afar with a +0 spear.
The gnoll hits you with a +0 spear. The orc hits you with a +0 flail.
You are too injured to fight recklessly!
You hit the gnoll.
You kill the gnoll!
Cheibriados thoroughly appreciates the change of pace.
The gnoll hits you from afar with a +0 spear.
The orc completely misses you.
You barely miss the gnoll shaman. The gnoll hits you but does no damage.
The orc barely misses you.
You riposte.
You completely miss the orc.
The gnoll shaman hits you with a +0 club!
* * * LOW HITPOINT WARNING * * *
The orc closely misses you. The orc completely misses you.
The orc barely misses you.
You riposte.
You barely miss the orc. Your headbutt misses the orc.
You completely miss the orc. The orc closely misses you.
You furiously retaliate!
You headbutt the orc. You hit the orc. You headbutt the orc.
You kill the orc!
Cheibriados thoroughly appreciates the change of pace.
You hit the gnoll shaman but do no damage.
The gnoll barely misses you. The gnoll shaman closely misses you.
You barely miss the gnoll shaman.
The gnoll hits you from afar with a +0 spear!
* * * LOW HITPOINT WARNING * * *
You barely miss the gnoll shaman. Your headbutt misses the gnoll shaman.
The gnoll hits you but does no damage.
The gnoll shaman hits you with a +0 club.
You die...

####### ....#.. ....≈≈ .'
....'.. ...P≈≈###'# ....#..
....≈≈#...#############)'''###
....≈≈#...#.....@)g...)).......
....≈≈#####≈≈≈≈≈g≈≈≈≈≈≈....≈≈≈≈
....≈≈≈≈≈≈≈≈≈≈≈≈≈≈≈≈≈≈≈....≈≈≈≈
....≈≈≈≈≈≈≈≈≈≈≈≈≈≈≈≈÷≈≈....≈≈≈
.....P........).....[.÷.......
#########.###.#.##.###.##.##.##.
#....###..## ##...# ##.#
#####.#.##.###.#### ..
#########.####.#..###### #.


You could see a gnoll shaman and a gnoll.

Vanquished Creatures
  4 gnolls
  2 adders
  2 dart slugs
  7 orcs (D:3)
  7 ball pythons
  2 endoplasms
  2 giant cockroaches
  4 goblins
  6 hobgoblins
  6 jackals
  5 quokkas
  7 bats
  2 frilled lizards (D:1)
  7 kobolds
  4 rats
67 creatures vanquished.

Notes
Turn   | Place    | Note
-------+----------+-------------------------------------------
     0 | D:1      | Crownlay the Minotaur Monk began the quest for the Orb.
     0 | D:1      | Reached XP level 1. HP: 19/19 MP: 0/0
   305 | D:1      | Reached skill level 4 in Fighting
   327 | D:1      | Reached XP level 2. HP: 25/28 MP: 1/1
   413 | D:1      | Got the Papyrus of Evil and Confrontation
   535 | D:1      | Reached skill level 5 in Fighting
   797 | D:1      | Reached XP level 3. HP: 36/36 MP: 2/2
  1526 | D:2      | Reached skill level 6 in Fighting
  1526 | D:2      | Reached XP level 4. HP: 44/44 MP: 3/3
  2378 | D:3      | Found a snail-covered altar of Cheibriados.
  2396 | D:3      | Became a worshipper of Cheibriados the Contemplative
  2396 | D:3      | Reached * piety under Cheibriados
  2396 | D:3      | Reached ** piety under Cheibriados
  2907 | D:3      | Slain by a gnoll shaman

Illustrated notes

Levels and vault maps discovered:
D:1:      arrival_zaba_pyramid, layout_basic
D:2:      wander_river, layout_basic, serial_co_window_serial,
          co_window_corner_a, co_window_paths_b, co_window_paths_b,
          co_window_corner_a, co_window_of_opportunity_a, co_window_corner_a,
          co_window_unsneaky_path_e, co_window_broadway_c, co_window_broadway_c,
          co_window_broadway_a, st_stairs_2
D:3:      lemuel_castle_with_subvaults [lemuel_castle_interior_carwin_1],
          layout_loops_ring, kennysheep_slug_shrine, st_stairs_7,
          kennysheep_cluttered_room

Skill      XL: |  1  2  3 |
---------------+----------+-----
Fighting       | 4 5 6 |  6.9
Long Blades    | |  3.6
Dodging        | |  3.2
Stealth        | |  1.5

Action                   |  1- 3 |  4- 6 || total
-------------------------+-------+-------++-------
Melee: Falchion          |    63 |    55 ||   118
       Headbutt          |    11 |    17 ||    28
 Stab: Sleeping          |       |     4 ||     4
Armor: Robe              |    12 |    13 ||    25
       Scale mail        |       |     8 ||     8
Dodge: Dodged            |    53 |    56 ||   109
       Rpst.: Falchion   |    14 |    12 ||    26
